[Event "Titled Tuesday Blitz February 28 Early 2023"]
[White "Abdrlauf, Elham"]
[Black "Lazavik, Denis"]
[WhiteFideId "1533533"]
[BlackFideId "13515110"]
[WhiteElo "2476"]
[BlackElo "2560"]
[Result "1-0"]
[Round "09"]
[TimeControl "180+2"]
[Date "2023.02.28"]
[WhiteClock "0:00:22"]
[BlackClock "0:00:03"]

1. e4 e5 2. Nc3 Nf6 3. d4 exd4 4. Qxd4 Nc6 5. Qd3 Bc5 6. Be3 Bxe3 7. Qxe3 O-O 8. O-O-O Re8 9. f4 d6 10. Nf3 Bf5 11. Bd3 Nb4 12. Rhe1 Nxd3+ 13. Qxd3 Bg4 14. h3 Bxf3 15. Qxf3 Nd7 16. g4 Qb8 17. e5 c6 18. Ne4 d5 19. Nd6 Re6 20. g5 Qc7 21. h4 Rf8 22. h5 Kh8 23. Qg4 Nc5 24. f5 Rxe5 25. Rxe5 Qxd6 26. Qd4 f6 27. gxf6 gxf6 28. Re2 Nd7 29. h6 Ne5 30. Rg1 c5 31. Qe3 Nf7 32. Rg7 d4 33. Qe4 Ng5 34. Qe7 Qf4+ 35. Kb1 Rg8 36. Rxg8+ 1-0


[Site "https://www.chess.com"]

[Event "Titled Tuesday Blitz February 28 Early 2023"]
[White "Bacrot, Etienne"]
[Black "Paravyan, David"]
[WhiteFideId "605506"]
[BlackFideId "4194985"]
[WhiteElo "2667"]
[BlackElo "2577"]
[Result "1-0"]
[Round "09"]
[TimeControl "180+2"]
[Date "2023.02.28"]
[WhiteClock "0:00:27"]
[BlackClock "0:00:11"]

1. e4 e5 2. Nf3 Nf6 3. Nxe5 d6 4. Nf3 Nxe4 5. d3 Nf6 6. d4 d5 7. Bd3 Bd6 8. Qe2+ Qe7 9. Qxe7+ Kxe7 10. O-O Re8 11. Nc3 c6 12. Bd2 Kf8 13. Rfe1 Rxe1+ 14. Rxe1 h6 15. Ne5 Nbd7 16. Bf4 Be7 17. Ne2 Nxe5 18. Bxe5 Bd7 19. Ng3 Ng4 20. Bxg7+ Kxg7 21. Rxe7 Rd8 22. Nh5+ Kf8 23. Re1 c5 24. c3 cxd4 25. cxd4 Be6 26. h3 Rd6 27. hxg4 Rb6 28. b3 Rb4 29. Bf5 Bxf5 30. gxf5 Rxd4 31. Re2 Rd1+ 32. Kh2 d4 33. Nf6 d3 34. Re8+ Kg7 35. Nh5+ Kh7 36. Rd8 b5 37. Rd7 a5 38. Rxf7+ Kg8 39. Rd7 Kf8 40. f6 d2 41. f7 b4 42. Nf4 Rc1 43. Ng6+ Kg7 44. f8=Q+ Kxg6 45. Rxd2 Kg5 46. Rd5+ 1-0


[Site "https://www.chess.com"]

[Event "Titled Tuesday Blitz February 28 Early 2023"]
[White "Sadhwani, Raunak"]
[Black "Erigaisi Arjun"]
[WhiteFideId "35093487"]
[BlackFideId "35009192"]
[WhiteElo "2631"]
[BlackElo "2737"]
[Result "1-0"]
[Round "09"]
[TimeControl "180+2"]
[Date "2023.02.28"]
[WhiteClock "0:00:05"]
[BlackClock "0:00:04"]

1. e4 c6 2. Nf3 d5 3. Nc3 g6 4. d4 Bg7 5. h3 Nf6 6. e5 Ne4 7. Nxe4 dxe4 8. Ng5 c5 9. e6 Bxe6 10. Nxe6 fxe6 11. dxc5 Qxd1+ 12. Kxd1 Nd7 13. c3 Nxc5 14. Kc2 a6 15. Be3 Rc8 16. a4 Nd7 17. a5 Nf6 18. Ra4 O-O 19. Be2 Nd5 20. Bg4 Nxe3+ 21. fxe3 Rf2+ 22. Kb3 Rc5 23. Bxe6+ Kf8 24. Rb4 Rxa5 25. Rxb7 Be5 26. Rd1 Rxg2 27. Rd8+ Kg7 28. Bd5 Bf6 29. Bxe4 Rg3 30. Rd5 Ra1 31. Rd3 Rxh3 32. Bd5 h5 33. Be6 Rh2 34. Rd8 Kh6 35. Rg8 Ra5 36. Kc4 Rb5 37. Rxb5 axb5+ 38. Kb3 h4 39. Bd7 h3 40. Ra8 Rh1 41. Bxb5 h2 42. Bc6 Re1 43. Kc4 g5 44. b4 g4 45. b5 g3 46. b6 h1=Q 47. Bxh1 Rxh1 48. b7 Be5 49. Rh8+ Bxh8 50. b8=Q Rh4+ 51. Kd3 Bf6 52. Qxg3 Rh5 53. c4 Rg5 54. Qf4 Kg6 55. Qe4+ Kf7 56. Qc6 Re5 57. c5 Kf8 58. Qc8+ Kf7 59. Qc6 Kf8 60. Qb6 Kf7 61. c6 Rd5+ 62. Kc4 Rd1 63. Qb5 Rc1+ 64. Kd5 e6+ 65. Ke4 Be7 66. Qb7 Kf6 67. c7 1-0


[Site "https://www.chess.com"]

[Event "Titled Tuesday Blitz February 28 Early 2023"]
[White "Dubov, Daniil"]
[Black "Babazada, Khazar"]
[WhiteFideId "24126055"]
[BlackFideId "13413554"]
[WhiteElo "2802"]
[BlackElo "2359"]
[Result "1-0"]
[Round "09"]
[TimeControl "180+2"]
[Date "2023.02.28"]
[WhiteClock "0:00:08"]
[BlackClock "0:00:05"]

1. Nf3 c5 2. c4 Nc6 3. Nc3 Nf6 4. d4 cxd4 5. Nxd4 g6 6. e4 Bg7 7. Be3 O-O 8. Be2 Nxd4 9. Bxd4 d6 10. O-O a5 11. Qc2 Bd7 12. Rad1 Bc6 13. c5 Ne8 14. Bxg7 Nxg7 15. cxd6 exd6 16. Qd2 Qb6 17. Bc4 Rad8 18. Nd5 Bxd5 19. Bxd5 Nh5 20. Qd4 Qxd4 21. Rxd4 Nf6 22. Rfd1 Rfe8 23. Bxb7 Rb8 24. Bc6 Rec8 25. Rxd6 Ne8 26. Bxe8 Rxe8 27. b3 a4 28. R1d3 axb3 29. axb3 Rxe4 30. Rd8+ Rxd8 31. Rxd8+ Kg7 32. Kf1 h5 33. Rd3 Kf6 34. Rf3+ Kg7 35. Re3 Rd4 36. Ke2 Kf6 37. Rd3 Rb4 38. Kd2 Ke5 39. Kc3 Rb7 40. b4 h4 41. Rd2 f5 42. Kc4 Rc7+ 43. Kb5 g5 44. Kb6 Rc1 45. b5 g4 46. Kb7 Rb1 47. b6 f4 48. Kc7 Rc1+ 49. Kb8 Rb1 50. b7 Ke4 51. Ra2 Rb4 52. Ka7 g3 53. hxg3 1-0


[Site "https://www.chess.com"]

[Event "Titled Tuesday Blitz February 28 Early 2023"]
[White "Fedoseev, Vladimir"]
[Black "Indjic, Aleksandar"]
[WhiteFideId "24130737"]
[BlackFideId "911925"]
[WhiteElo "2752"]
[BlackElo "2625"]
[Result "0-1"]
[Round "09"]
[TimeControl "180+2"]
[Date "2023.02.28"]
[WhiteClock "0:00:02"]
[BlackClock "0:01:03"]

1. e4 e5 2. Nf3 Nc6 3. Bb5 Nf6 4. O-O Nxe4 5. d4 Nd6 6. Bxc6 dxc6 7. dxe5 Nf5 8. Qxd8+ Kxd8 9. Nc3 Bd7 10. h3 Be7 11. Rd1 Kc8 12. Bg5 h6 13. Bxe7 Nxe7 14. Ne2 g5 15. Ng3 c5 16. Re1 b6 17. Rad1 Be6 18. b3 a5 19. Nh5 a4 20. c4 Rd8 21. Ng7 Rxd1 22. Rxd1 axb3 23. axb3 Ra3 24. Nxe6 fxe6 25. Rd3 Nc6 26. g4 Nb4 27. Rc3 Kd7 28. h4 gxh4 29. Nxh4 Nc6 30. Nf3 Ke7 31. Kg2 Ra2 32. Re3 Rb2 33. Kg3 Na5 34. Nh4 Rxb3 35. Rxb3 Nxb3 36. Nf3 c6 37. Kf4 b5 38. Ke3 Kf7 39. g5 h5 40. Nh4 Nd4 41. Kd3 Nf5 42. Ng2 h4 43. Nf4 Nd4 44. Kc3 b4+ 45. Kd3 Kg7 46. Ke4 b3 47. Nd3 h3 48. Nxc5 b2 49. Kxd4 b1=Q 50. Nxe6+ Kg8 0-1


[Site "https://www.chess.com"]

[Event "Titled Tuesday Blitz February 28 Early 2023"]
[White "Nakamura, Hikaru"]
[Black "Grigoriants, Sergey"]
[WhiteFideId "2016192"]
[BlackFideId "4130804"]
[WhiteElo "2879"]
[BlackElo "2502"]
[Result "1-0"]
[Round "09"]
[TimeControl "180+2"]
[Date "2023.02.28"]
[WhiteClock "0:00:09"]
[BlackClock "0:00:04"]

1. e4 e5 2. Nc3 Nf6 3. Bc4 c6 4. Bb3 d5 5. Nf3 Bg4 6. exd5 e4 7. h3 Bh5 8. g4 Bg6 9. Qe2 Bd6 10. g5 Nxd5 11. Nxd5 cxd5 12. Bxd5 O-O 13. Nh4 Nc6 14. Nxg6 hxg6 15. Bxe4 Qxg5 16. d3 Qf6 17. Bxc6 bxc6 18. c3 Rfe8 19. Be3 Rab8 20. O-O-O Ba3 21. Rd2 Qxc3+ 22. Kb1 Qf6 23. Rc1 Re6 24. d4 Qf5+ 25. Ka1 Be7 26. Qa6 Qxh3 27. Qxa7 Re8 28. d5 cxd5 29. Rxd5 Bf6 30. Rb5 Qg2 31. a4 Qe4 32. Rb7 R6e7 33. Rxe7 Rxe7 34. Rc8+ Kh7 35. Qa8 Qxa8 36. Rxa8 g5 37. a5 g4 38. Bc5 Re5 39. Rc8 Re2 40. Rb8 Rc2 41. Be3 Be5 42. Rb7 f5 43. a6 f4 44. a7 fxe3 45. a8=Q exf2 46. Rf7 Rc1+ 47. Ka2 f1=Q 48. Rxf1 Rxf1 49. Qe4+ Kh6 50. Qxe5 Rf6 51. b4 Rg6 52. Qg3 Kg5 53. b5 Rf6 54. Qe3+ Kh4 55. b6 g3 56. b7 1-0


[Site "https://www.chess.com"]

[Event "Titled Tuesday Blitz February 28 Early 2023"]
[White "Caruana, Fabiano"]
[Black "Madaminov, Mukhiddin"]
[WhiteFideId "2020009"]
[BlackFideId "14210703"]
[WhiteElo "2818"]
[BlackElo "2511"]
[Result "1-0"]
[Round "09"]
[TimeControl "180+2"]
[Date "2023.02.28"]
[WhiteClock "0:00:48"]
[BlackClock "0:00:02"]

1. c4 g6 2. Nc3 c5 3. g3 Bg7 4. Bg2 Nc6 5. e3 e6 6. Nge2 Nge7 7. O-O O-O 8. b3 d5 9. Ba3 b6 10. Rc1 Rb8 11. d4 Nb4 12. Qd2 Ba6 13. Bxb4 cxb4 14. Nb5 Bxb5 15. cxb5 Qd6 16. Nf4 Rfc8 17. Nd3 Qd7 18. Qxb4 Nf5 19. a4 Bf8 20. Qd2 Bd6 21. Bh3 Ne7 22. Rxc8+ Rxc8 23. Rc1 Rxc1+ 24. Qxc1 Qc8 25. Qxc8+ Nxc8 26. f3 f5 27. e4 Kf7 28. exd5 exd5 29. f4 Ke6 30. Bg2 Ne7 31. Kf2 h6 32. Ke3 g5 33. Ne5 g4 34. Bf1 Bb4 35. Nd3 Bd6 36. Be2 h5 37. Bd1 Ng8 38. Ne5 Ne7 39. Bc2 Bb4 40. Nd3 Bd6 41. b4 Kf6 42. Bb3 Ke6 43. a5 Ng8 44. a6 Ne7 45. Kd2 Kd7 46. Kc3 Ke6 47. Nf2 Kd7 48. Nd1 Ke6 49. Ne3 Bb8 50. Bc2 Bc7 51. Bd3 Bb8 52. Bf1 Bc7 53. h3 h4 54. gxh4 Bxf4 55. Ng2 Bh6 56. hxg4 fxg4 57. Be2 Nf5 58. Bxg4 Kf6 59. Bxf5 Kxf5 60. Ne1 Ke4 61. h5 Be3 62. Nc2 Bg5 63. Na1 Be3 64. Nb3 Bf4 65. Nc5+ Kf5 66. Nd7 Bc7 67. Ne5 Kg5 68. Nc6 Kxh5 69. Nxa7 Kg4 70. Nc6 1-0


[Site "https://www.chess.com"]

[Event "Titled Tuesday Blitz February 28 Early 2023"]
[White "Firouzja, Alireza"]
[Black "Ahmadzada, Ahmad"]
[WhiteFideId "12573981"]
[BlackFideId "13413007"]
[WhiteElo "2904"]
[BlackElo "2388"]
[Result "1-0"]
[Round "09"]
[TimeControl "180+2"]
[Date "2023.02.28"]
[WhiteClock "0:00:43"]
[BlackClock "0:00:05"]

1. e4 d5 2. exd5 Qxd5 3. Nc3 Qd8 4. d4 Nf6 5. Nf3 Bg4 6. Bc4 e6 7. h3 Bxf3 8. Qxf3 c6 9. Ne2 Nbd7 10. O-O Bd6 11. c3 O-O 12. Re1 e5 13. Bb3 Re8 14. Bg5 h6 15. Bh4 Qa5 16. Rad1 e4 17. Qe3 Nd5 18. Qc1 e3 19. c4 exf2+ 20. Bxf2 N5f6 21. c5 Bc7 22. Nc3 b6 23. Qc2 bxc5 24. Qg6 Kh8 25. Qxf7 cxd4 26. Bxd4 Ne5 27. Bxe5 Rxe5 28. Rf1 Qc5+ 29. Kh1 Re7 30. Qg6 Qe5 31. g3 Nh5 32. Bc2 Nxg3+ 33. Kg2 Nf5 34. Rxf5 Qh2+ 35. Kf1 Qh1+ 36. Qg1 Qxh3+ 37. Qg2 Qh4 38. Rf3 Rae8 39. Ne4 Rxe4 40. Bxe4 Qxe4 41. Kg1 Bb6+ 42. Kh1 Qh4+ 43. Qh3 Re1+ 44. Rxe1 Qxe1+ 45. Rf1 Qe4+ 46. Qf3 Qh4+ 47. Kg2 Qg5+ 48. Kh3 Bc7 49. Qf8+ Kh7 50. Qf5+ Qxf5+ 51. Rxf5 Bb6 52. Re5 Bd4 53. Re2 c5 54. b3 a5 55. Re6 Bc3 56. Rc6 Bb4 57. Kg4 g6 58. Rc7+ Kg8 59. Kf4 Bc3 60. Rxc5 Bd2+ 61. Ke5 Kf7 62. Rc7+ Ke8 63. Ke6 g5 64. Rc8# 1-0


[Site "https://www.chess.com"]

[Event "Titled Tuesday Blitz February 28 Early 2023"]
[White "Kravtsiv, Martyn"]
[Black "Deac, Bogdan-Daniel"]
[WhiteFideId "14113147"]
[BlackFideId "1226380"]
[WhiteElo "2695"]
[BlackElo "2649"]
[Result "0-1"]
[Round "09"]
[TimeControl "180+2"]
[Date "2023.02.28"]
[WhiteClock "0:00:02"]
[BlackClock "0:00:03"]

1. e4 c6 2. Nf3 d5 3. d3 Nd7 4. Nc3 Ngf6 5. e5 d4 6. Ne2 Nxe5 7. Nexd4 Ng6 8. Nb3 e5 9. Qe2 Bb4+ 10. c3 Bd6 11. g3 O-O 12. Ng5 Bg4 13. f3 Bd7 14. Bg2 Nd5 15. Bd2 f5 16. h4 h6 17. h5 Nge7 18. Nh3 a5 19. c4 Nb4 20. O-O a4 21. c5 Bc7 22. Bxb4 axb3 23. axb3 Rxa1 24. Rxa1 Nd5 25. Bd2 Re8 26. Nf2 Qe7 27. b4 Qf7 28. Ra7 Bc8 29. Ra8 Qxh5 30. d4 e4 31. Nh3 e3 32. Be1 f4 33. g4 Qf7 34. Bf1 Qf6 35. Qd3 h5 36. gxh5 Qf7 37. Ng5 Qxh5 0-1


[Site "https://www.chess.com"]

[Event "Titled Tuesday Blitz February 28 Early 2023"]
[White "Sarana, Alexey"]
[Black "Drygalov, Sergey"]
[WhiteFideId "24133795"]
[BlackFideId "24171743"]
[WhiteElo "2717"]
[BlackElo "2533"]
[Result "1-0"]
[Round "09"]
[TimeControl "180+2"]
[Date "2023.02.28"]
[WhiteClock "0:00:26"]
[BlackClock "0:00:10"]

1. c4 c6 2. Nf3 d5 3. d4 Nf6 4. Nc3 a6 5. e3 b5 6. b3 e6 7. Bd3 Bb4 8. Bd2 O-O 9. O-O Re8 10. Qc2 bxc4 11. bxc4 a5 12. cxd5 cxd5 13. Nb5 Na6 14. Ne5 Bd7 15. a3 Bxd2 16. Qxd2 Ne4 17. Bxe4 Bxb5 18. Rfb1 Nc7 19. a4 Bxa4 20. Bxh7+ Kxh7 21. Rxa4 Kg8 22. Rxa5 f6 23. Nd3 e5 24. dxe5 fxe5 25. h3 Rxa5 26. Qxa5 d4 27. exd4 Qxd4 28. Ne1 Ne6 29. Nf3 Qd3 30. Re1 e4 31. Qa4 Nc7 32. Qc6 exf3 33. Rxe8+ Nxe8 34. Qxe8+ Kh7 35. Qh5+ Kg8 36. Qxf3 Qb1+ 37. Kh2 Qb8+ 38. Qg3 Qb2 39. Qe3 Qb8+ 40. g3 Qb4 41. h4 Qc4 42. Kh3 Qc8+ 43. Kg2 Qc6+ 44. Qf3 Qc4 45. Qf5 Qc6+ 46. Kh3 Qh1+ 47. Kg4 Qd1+ 48. f3 Qd4+ 49. Kh3 Qd1 50. h5 Qd4 51. Qe6+ Kh8 52. Qe8+ Kh7 53. Qe4+ Qxe4 54. fxe4 Kh6 55. Kg4 g6 56. hxg6 Kxg6 57. e5 Kf7 58. Kf5 Ke7 59. g4 Kf7 60. g5 Kf8 61. g6 Ke7 62. Kg5 Kf8 63. Kf6 Kg8 64. g7 Kh7 65. Kf7 Kh6 66. g8=Q 1-0


[Site "https://www.chess.com"]

[Event "Titled Tuesday Blitz February 28 Early 2023"]
[White "Drygalov, Andrey"]
[Black "Adhiban, B."]
[WhiteFideId "24171735"]
[BlackFideId "5018471"]
[WhiteElo "2471"]
[BlackElo "2587"]
[Result "0-1"]
[Round "09"]
[TimeControl "180+2"]
[Date "2023.02.28"]
[WhiteClock "0:00:17"]
[BlackClock "0:01:22"]

1. e4 c5 2. Nf3 Nc6 3. Bb5 d6 4. O-O Bd7 5. Re1 a6 6. Bf1 Bg4 7. h3 Bxf3 8. Qxf3 e6 9. c3 Be7 10. d3 Nf6 11. Be3 d5 12. Nd2 O-O 13. Qd1 d4 14. Bf4 e5 15. Bg5 h6 16. Bh4 Nd7 17. Bg3 b5 18. c4 Nb6 19. b3 Bg5 20. Nf3 Bf6 21. Nh2 g6 22. cxb5 axb5 23. Qc1 c4 24. dxc4 bxc4 25. Bxc4 Rc8 26. Ng4 Bg5 27. Qd1 Nxc4 28. bxc4 Qe7 29. Rb1 h5 30. Nh2 h4 31. Bxe5 Nxe5 32. Qxd4 Rxc4 33. Qb6 Bf4 34. Nf1 Rc2 35. Qb3 Rfc8 36. a4 Qc5 37. Ne3 Rc3 38. Qd5 Bxe3 39. fxe3 Rxe3 40. Qxc5 Rxe1+ 41. Rxe1 Rxc5 42. Ra1 Ra5 43. Kf2 Nd3+ 44. Kf3 Nc5 45. Rc1 Nxa4 46. Ra1 Kg7 47. Kg4 g5 48. e5 Kg6 49. g3 hxg3 50. Kxg3 Ra6 51. h4 gxh4+ 52. Kxh4 Nc5 53. Rf1 Ra4+ 54. Kh3 Re4 55. Rf6+ Kg7 56. Rf5 Nd7 57. Rg5+ Kf8 58. e6 Rxe6 59. Kg3 Rg6 60. Kg4 Rxg5+ 61. Kxg5 Kg7 62. Kf5 f6 63. Kf4 Kg6 64. Kf3 f5 65. Kf2 Kg5 66. Kf1 f4 0-1


[Site "https://www.chess.com"]

[Event "Titled Tuesday Blitz February 28 Early 2023"]
[White "Yeletsky, Ivan"]
[Black "Bortnyk, Olexandr"]
[WhiteFideId "24180327"]
[BlackFideId "14120828"]
[WhiteElo "2414"]
[BlackElo "2734"]
[Result "1-0"]
[Round "09"]
[TimeControl "180+2"]
[Date "2023.02.28"]
[WhiteClock "0:00:03"]
[BlackClock "0:00:01"]

1. d4 d6 2. e4 Nf6 3. f3 g6 4. Be3 Bg7 5. Qd2 O-O 6. Ne2 c5 7. c3 Nc6 8. Na3 cxd4 9. cxd4 Re8 10. Nc2 e5 11. d5 Nd4 12. Ncxd4 exd4 13. Bxd4 Nxe4 14. fxe4 Qh4+ 15. g3 Qxe4 16. Bxg7 Kxg7 17. Rg1 Re5 18. Bg2 Qa4 19. Kf2 Bg4 20. Nd4 Rc8 21. Rgc1 Rxc1 22. Rxc1 Qxa2 23. h3 Bd7 24. Rc7 Re7 25. Qc3 Kg8 26. Rxb7 Qa6 27. Rb8+ Re8 28. Rxe8+ Bxe8 29. Nc6 Qb6+ 30. Qd4 Qb3 31. Bf3 h5 32. g4 h4 33. g5 Qc2+ 34. Ke3 Qc1+ 35. Qd2 Qg1+ 36. Kd3 Qg3 37. Qe3 Bd7 38. Bg4 Bxg4 39. hxg4 Qxg4 40. Qxa7 Qxg5 41. Qb8+ Kh7 42. Qxd6 h3 43. Nd4 Qg2 44. Qf6 h2 45. Qxf7+ Kh6 46. Qf4+ Kh5 47. Ne6 h1=Q 48. Ng7# 1-0


[Site "https://www.chess.com"]

[Event "Titled Tuesday Blitz February 28 Early 2023"]
[White "Mikhailovsky, Vladimir"]
[Black "Svane, Rasmus"]
[WhiteFideId "34105414"]
[BlackFideId "4657101"]
[WhiteElo "2282"]
[BlackElo "2597"]
[Result "0-1"]
[Round "09"]
[TimeControl "180+2"]
[Date "2023.02.28"]
[WhiteClock "0:00:01"]
[BlackClock "0:00:54"]

1. d4 d5 2. c4 e6 3. Nc3 a6 4. cxd5 exd5 5. Bf4 Nf6 6. e3 Bd6 7. Bxd6 Qxd6 8. Bd3 O-O 9. Nge2 Re8 10. O-O Bg4 11. Qc2 Bxe2 12. Nxe2 Nc6 13. a3 Ne7 14. Nf4 c6 15. b4 Nc8 16. Rab1 Qe7 17. a4 Nd6 18. b5 cxb5 19. axb5 g5 20. Ne2 a5 21. b6 a4 22. Qa2 Rec8 23. Rfc1 Rxc1+ 24. Rxc1 Qd8 25. Rc7 Nfe8 26. Rc5 Qxb6 27. Rxd5 h6 28. h4 Qb3 29. Qxb3 axb3 30. hxg5 b2 31. Bb1 Ra1 32. Nc3 b5 33. Kh2 b4 34. Nd1 Rxb1 35. Nxb2 Rxb2 36. f3 hxg5 37. Rxg5+ Kf8 38. Rc5 Rd2 39. Rc6 b3 40. Rb6 b2 0-1


[Site "https://www.chess.com"]

[Event "Titled Tuesday Blitz February 28 Early 2023"]
[White "Harsh Suresh"]
[Black "Makarian, Rudik"]
[WhiteFideId "45018464"]
[BlackFideId "44105681"]
[WhiteElo "2227"]
[BlackElo "2419"]
[Result "1/2-1/2"]
[Round "09"]
[TimeControl "180+2"]
[Date "2023.02.28"]
[WhiteClock "0:00:19"]
[BlackClock "0:00:06"]

1. e4 c5 2. Nc3 Nc6 3. Bb5 Nd4 4. Bc4 e6 5. Nf3 Nxf3+ 6. Qxf3 a6 7. a4 d6 8. d3 Nf6 9. O-O Be7 10. Qe2 O-O 11. e5 dxe5 12. Qxe5 b6 13. Bf4 Bb7 14. Rad1 Qd7 15. Qc7 Qc6 16. f3 Qxc7 17. Bxc7 Nd7 18. Bg3 Bc6 19. Rfe1 Bf6 20. Kf1 Bxc3 21. bxc3 Bxa4 22. Ra1 b5 23. Bb3 Bxb3 24. cxb3 Nb6 25. Ra5 Nd5 26. Rea1 Nxc3 27. Rxa6 Rxa6 28. Rxa6 Rc8 29. Rb6 b4 30. Bd6 h5 31. Rb7 f6 32. g3 e5 33. Kg2 Kh7 34. h4 Kg6 35. g4 hxg4 36. fxg4 e4 37. h5+ Kh7 38. dxe4 Nxe4 39. Bf4 Rd8 40. h6 Rg8 41. Be3 Kg6 42. Re7 Ng5 43. hxg7 Rxg7 44. Rxg7+ Kxg7 45. Bxc5 Kg6 46. Bxb4 f5 47. gxf5+ Kxf5 48. Kf2 Ke4 49. Ke2 Ne6 50. Bc3 Kd5 51. Kd3 Nc5+ 52. Kc2 Nxb3 1/2-1/2


[Site "https://www.chess.com"]

[Event "Titled Tuesday Blitz February 28 Early 2023"]
[White "Demchenko, Anton"]
[Black "Hambleton, Aman"]
[WhiteFideId "4160258"]
[BlackFideId "2606577"]
[WhiteElo "2545"]
[BlackElo "2511"]
[Result "1-0"]
[Round "09"]
[TimeControl "180+2"]
[Date "2023.02.28"]
[WhiteClock "0:01:23"]
[BlackClock "0:00:01"]

1. e4 c5 2. Nc3 e6 3. Nf3 a6 4. g3 Nc6 5. Bg2 Qc7 6. O-O Nf6 7. Re1 d6 8. d4 cxd4 9. Nxd4 Be7 10. Nxc6 bxc6 11. e5 dxe5 12. Rxe5 O-O 13. Bf4 Bd6 14. Rxe6 Bxf4 15. Rxc6 Qa5 16. Rxf6 gxf6 17. Bxa8 Be5 18. Be4 Bxc3 19. bxc3 f5 20. Bd5 Qxc3 21. Rb1 Kg7 22. Rb3 Qf6 23. c4 Rd8 24. Rd3 h6 25. Bf3 Rxd3 26. Qxd3 1-0


[Site "https://www.chess.com"]

[Event "Titled Tuesday Blitz February 28 Early 2023"]
[White "Hasangatin, Ramil"]
[Black "Vokhidov, Shamsiddin"]
[WhiteFideId "4122160"]
[BlackFideId "14204223"]
[WhiteElo "2310"]
[BlackElo "2570"]
[Result "1/2-1/2"]
[Round "09"]
[TimeControl "180+2"]
[Date "2023.02.28"]
[WhiteClock "0:00:14"]
[BlackClock "0:00:53"]

1. e4 Nf6 2. d3 d5 3. Nd2 e5 4. Ngf3 Nc6 5. c3 Bc5 6. b4 Bd6 7. Be2 a6 8. O-O O-O 9. Re1 h6 10. a3 Re8 11. Bf1 dxe4 12. dxe4 a5 13. Bb2 Be6 14. Qc2 Qe7 15. Nc4 Nd7 16. Ne3 Qf8 17. Nd5 Nb6 18. Rad1 Bxd5 19. exd5 Ne7 20. c4 axb4 21. c5 bxa3 22. cxd6 cxd6 23. Ba1 Nexd5 24. Qb3 Ra5 25. Bc4 Nxc4 26. Qxc4 Rc8 27. Qb3 Rcc5 28. Qxb7 a2 29. Rc1 Nf4 30. Rxc5 Rxc5 31. g3 Nd3 32. Rd1 Qc8 33. Qxc8+ Rxc8 34. Rxd3 Rc1+ 35. Kg2 e4 36. Rxd6 exf3+ 37. Kxf3 Rxa1 38. Rd8+ Kh7 39. Ra8 g5 40. h4 gxh4 41. gxh4 Kg6 42. Ra5 f5 43. Kg2 f4 44. Kf3 Kf6 45. Kxf4 h5 46. Ra6+ Ke7 47. f3 Kd7 48. Kf5 Kc7 49. f4 Kb7 50. Ra3 Kc6 51. Ra8 Kd5 52. Kf6 Kc4 53. f5 Kb3 54. Rb8+ Kc3 55. Ra8 Kb3 56. Rb8+ Kc2 57. Ra8 Kb2 58. Rb8+ Ka3 59. Ra8+ Kb3 1/2-1/2


[Site "https://www.chess.com"]

[Event "Titled Tuesday Blitz February 28 Early 2023"]
[White "Kamsky, Gata"]
[Black "Darini, Pouria"]
[WhiteFideId "2000024"]
[BlackFideId "12502200"]
[WhiteElo "2666"]
[BlackElo "2482"]
[Result "1-0"]
[Round "09"]
[TimeControl "180+2"]
[Date "2023.02.28"]
[WhiteClock "0:01:31"]
[BlackClock "0:00:08"]

1. d4 Nf6 2. Bf4 d5 3. e3 c5 4. c3 e6 5. Nd2 Nc6 6. Ngf3 cxd4 7. exd4 Nh5 8. Be3 Bd6 9. Ne5 g6 10. f4 f6 11. Nd3 Qc7 12. g3 O-O 13. Be2 Ng7 14. O-O b6 15. Nf3 Bb7 16. Re1 a5 17. a4 Rfe8 18. Bf2 Rad8 19. Bf1 Nf5 20. g4 Ng7 21. Qd2 Ba6 22. g5 Bxd3 23. Qxd3 Nh5 24. gxf6 Bxf4 25. Bh4 Qf7 26. Ne5 Nxe5 27. dxe5 Qc7 28. Qd4 Qc5 29. Bf2 Qc7 30. Bh3 Bh6 31. Bg4 Bf8 32. Bxh5 gxh5 33. Qf4 Bc5 34. Bd4 Kh8 35. f7 Rg8+ 36. fxg8=R+ Rxg8+ 37. Kh1 Qg7 38. Rg1 1-0


[Site "https://www.chess.com"]

[Event "Titled Tuesday Blitz February 28 Early 2023"]
[White "Kowalczyk, Pawel"]
[Black "Timofeev, Artyom"]
[WhiteFideId "1130641"]
[BlackFideId "4140419"]
[WhiteElo "2324"]
[BlackElo "2586"]
[Result "1-0"]
[Round "09"]
[TimeControl "180+2"]
[Date "2023.02.28"]
[WhiteClock "0:00:13"]
[BlackClock "0:00:08"]

1. e4 c5 2. Ne2 d6 3. g3 g6 4. Bg2 Bg7 5. O-O Nf6 6. c3 O-O 7. d4 Nbd7 8. h3 Rb8 9. f4 d5 10. exd5 cxd4 11. c4 Nb6 12. b3 e6 13. dxe6 Bxe6 14. Bb2 Qc8 15. Kh2 Rd8 16. Nxd4 Bxc4 17. Rf2 Bd5 18. Qh1 Bxg2 19. Qxg2 Nbd5 20. Re2 Nh5 21. Qf2 Qd7 22. Nf3 Bxb2 23. Rxb2 Nb4 24. Rd2 Qc7 25. Na3 Rxd2 26. Qxd2 a5 27. Rd1 Re8 28. Nc4 Nc6 29. Nfe5 Nf6 30. Nd6 Re7 31. Nexf7 Rxf7 32. Nxf7 Qxf7 33. Qd3 Kg7 34. g4 Qe6 35. Kg3 h5 36. g5 Ne4+ 37. Kg2 Qf5 38. Qd7+ Kf8 39. Qxf5+ gxf5 40. Rd7 Nb4 41. Rxb7 Nxa2 42. Ra7 Nc1 43. Rxa5 Nxb3 44. Rxf5+ Kg7 45. Rb5 Nbd2 46. h4 Nc3 47. Rb6 Nc4 48. Rc6 Ne3+ 49. Kf3 Ncd5 50. Ke4 Kf7 51. f5 Ke7 52. Rh6 Ng4 53. Kxd5 Nxh6 54. gxh6 Kf6 55. Kd6 Kf7 56. Kd7 Kg8 57. Ke8 Kh7 58. Kf7 Kxh6 59. f6 Kh7 60. Ke7 Kg6 61. f7 Kh7 62. f8=Q 1-0


[Site "https://www.chess.com"]

[Event "Titled Tuesday Blitz February 28 Early 2023"]
[White "Rustemov, Alexander"]
[Black "Al-Tarboush, Ward"]
[WhiteFideId "4119002"]
[BlackFideId "7601450"]
[WhiteElo "2890"]
[BlackElo "2267"]
[Result "1-0"]
[Round "09"]
[TimeControl "180+2"]
[Date "2023.02.28"]
[WhiteClock "0:00:11"]
[BlackClock "0:00:06"]

1. d4 d5 2. c4 c6 3. Nc3 Nf6 4. e3 e6 5. Nf3 Nbd7 6. Qc2 Bd6 7. b3 O-O 8. Be2 b6 9. O-O Bb7 10. Bb2 Qe7 11. Rad1 Rfe8 12. Rfe1 Rad8 13. g3 c5 14. cxd5 exd5 15. dxc5 Nxc5 16. Nd4 Qd7 17. Bf3 Nce4 18. Qd3 h5 19. Bg2 h4 20. Qf1 Bb4 21. Nxe4 dxe4 22. Nc2 Bd6 23. Ba3 Qe7 24. Rxd6 Rxd6 25. Nd4 Qd7 26. Bxd6 Qxd6 27. Qe2 Qc5 28. Qd2 Qg5 29. Ne2 Bc8 30. Nf4 Bg4 31. h3 Bf3 32. g4 Nxg4 33. hxg4 Qxg4 34. Kh2 Bxg2 35. Nxg2 h3 36. Nf4 g5 37. Rg1 Qf5 38. Nxh3 f6 39. Rd1 Re7 40. Qd5+ Qxd5 41. Rxd5 Rc7 42. Rd2 Kf7 43. Ng1 Ke6 44. Ne2 f5 45. Kg3 Ke5 46. a4 Rg7 47. Nc3 f4+ 48. Kg4 fxe3 49. fxe3 Rc7 50. Nb5 Rf7 51. Kxg5 Rg7+ 52. Kh4 Rf7 53. Nc3 Rf3 54. Re2 Kf5 55. Nb5 Rf1 56. Nxa7 Rb1 57. Nb5 Rg1 58. Nd4+ Ke5 59. Kh3 Rg8 60. Rg2 Rh8+ 61. Kg3 Rc8 62. Kf2 Rc3 63. Rg5+ Kf6 64. Rb5 Rd3 65. Rxb6+ Ke5 66. Rb5+ Kf6 67. a5 Rc3 68. a6 Rc7 69. Ra5 Ra7 70. Nb5 Rf7 71. a7 Ke5+ 72. Ke2 Rh7 73. a8=Q Rh2+ 74. Kd1 Kf6 75. Ra6+ 1-0


[Site "https://www.chess.com"]

[Event "Titled Tuesday Blitz February 28 Early 2023"]
[White "Demin, Vladimir"]
[Black "Livaic, Leon"]
[WhiteFideId "4167457"]
[BlackFideId "14531534"]
[WhiteElo "2597"]
[BlackElo "2509"]
[Result "0-1"]
[Round "09"]
[TimeControl "180+2"]
[Date "2023.02.28"]
[WhiteClock "0:02:03"]
[BlackClock "0:02:16"]

1. e4 e6 2. d4 d5 3. Bd3 c5 4. exd5 exd5 5. Nf3 c4 6. Be2 Nc6 7. O-O Bd6 8. b3 cxb3 9. axb3 Nge7 10. c4 O-O 11. Nc3 h6 12. cxd5 Nb4 13. Bc4 Bg4 14. Be3 a6 15. h3 Bh5 16. g4 Bg6 17. Ne5 b5 18. Nxg6 Nxg6 19. Bd3 Qh4 20. Qf3 Nxd3 0-1


[Site "https://www.chess.com"]